 Dungeon Crawl Stone Soup version 0.31.0-11-ge490571c62 (webtiles) character file.

Game seed: 5195323574390417421

74 Aneyh the Slasher (level 4, 0/28 HPs)
             Began as a Tengu Monk on Feb 4, 2024.
             Succumbed to a goblin's poison
             ... on level 1 of the Dungeon.
             The game lasted 00:02:10 (886 turns).

Aneyh the Slasher (Tengu Monk)                       Turns: 886, Time: 00:02:10

Health: 0/28       AC:  5    Str: 12    XL:     4   Next: 30%
Magic:  5/5        EV: 13    Int: 12    God:
Gold:   80         SH:  0    Dex: 16    Spells: 3/3 levels left

rFire   . . .        a - +0 falchion
rCold   + . .        (no shield)
rNeg    . . .        i - +2 leather armour {rC+}
rPois   .            (helmet restricted)
rElec   .            (no cloak)
rCorr   .            (no gloves)
SInv    .            (boots unavailable)
Will    .....        (no amulet)
Stlth   +            f - ring of flight
HPRegen 0.24/turn    e - ring of wizardry
MPRegen 0.09/turn

%: acrobat, wizardry (x1)
@: lethally poisoned (0 -> -12), flying, hasted, very quick
A: beak, talons 3, acrobatic
a: no special abilities


You were on level 1 of the Dungeon.
You visited 1 branch of the dungeon, and saw 2 of its levels.

You collected 80 gold pieces.

Inventory:

Hand Weapons
 a - a +0 falchion (weapon)
 c - a +0 short sword
Missiles
 b - 5 poisoned darts (quivered)
Armour
 i - a +2 leather armour of cold resistance (worn)
Jewellery
 e - a ring of wizardry (right hand)
 f - a ring of flight (left hand)
Scrolls
 h - a scroll of identify {unknown}


   Skills:
 + Level 3.3 Fighting
 - Level 5.0 Long Blades
 + Level 3.7 Dodging


You had 3 spell levels left.
You didn't know any spells.
Your spell library was empty.

Dungeon Overview and Level Annotations

Branches:
Dungeon (2/15)

Altars:

Annotations:
D:2 Robin


Innate Abilities, Weirdness & Mutations

You have a beak for a mouth.
You have claws for feet.
You can magically evade attacks while moving or waiting.


Message History

You fly downwards.
Level annotation: Robin The frilled lizard closely misses you.
The goblin hits you but does no damage.
There is a stone staircase leading up here.
The goblin hits you but does no damage.
You are poisoned.
Robin roars a battlecry!
The goblins go into a battle-frenzy!
The frilled lizard misses you.
You hear a shout!
You fly upwards.
You feel sick.
There is a stone staircase leading down here.
You barely miss the goblin. Your kick misses the goblin.
You feel sick.
The goblin hits you with a +2 dagger of venom.
You are more poisoned.
The frilled lizard barely misses you.
You barely miss the goblin. Your peck misses the goblin.
You feel very sick.
The goblin hits you with a +2 dagger of venom.
The frilled lizard misses you.
It was a potion of haste.
You feel yourself speed up.
You feel very sick. The goblin hits you but does no damage.
You are lethally poisoned!
The frilled lizard closely misses you.
You barely miss the goblin. Your peck misses the goblin.
* * * LOW HITPOINT WARNING * * *
You feel very sick. The goblin completely misses you.
The frilled lizard misses you.
You barely miss the goblin.
* * * LOW HITPOINT WARNING * * *
You feel very sick. The goblin closely misses you.
The frilled lizard closely misses you.
You slash the goblin!
You kill the goblin!
* * * LOW HITPOINT WARNING * * *
You feel sick.
You hit the frilled lizard.
You kill the frilled lizard!
You die...

#.##.# #.)# #.##†#
###.#### #.##.#
##......## ##.##.#
##....[...## ....#.##
#..........# ##.....#
#..........#
..^##..###..........#
#..###.........†.)..#
##.............)@...#
#.####...#.....†..##
#.###..##......[...#
##......##..........#
.....##.##.[........#
##.#.##.##.........>#
###....##..........#
###..###..[.....## #
#### ##......##


There were no monsters in sight!

Vanquished Creatures
  A gnoll (D:1)
  3 dart slugs (D:1)
  5 ball pythons (D:1)
  3 bats
  3 endoplasms (D:1)
  3 giant cockroaches (D:1)
  10 goblins
  5 hobgoblins
  4 jackals (D:1)
  7 kobolds (D:1)
  2 quokkas (D:1)
  3 frilled lizards (D:1)
49 creatures vanquished.

Notes
Turn   | Place    | Note
-------+----------+-------------------------------------------
     0 | D:1      | Aneyh the Tengu Monk began the quest for the Orb.
     0 | D:1      | Reached XP level 1. HP: 14/14 MP: 2/2
   149 | D:1      | Reached skill level 4 in Long Blades
   149 | D:1      | Reached XP level 2. HP: 6/19 MP: 3/3
   248 | D:1      | Reached XP level 3. HP: 11/23 MP: 4/4
   460 | D:1      | Reached skill level 5 in Long Blades
   539 | D:1      | Reached XP level 4. HP: 24/28 MP: 5/5
   693 | D:2      | Noticed Robin
   886 | D:1      | Succumbed to a goblin's poison

Illustrated notes

Levels and vault maps discovered:
D:1:      evilmike_arrival_plus, layout_rooms, nicolae_grassy_gnolls
D:2:      layout_loops_ring, st_stairs_11, uniq_robin

Skill      XL: |  1  2  3 |
---------------+----------+-----
Long Blades    | 4 5 |  5.0
Fighting       | |  3.3
Dodging        | |  3.7

Action                     |  1- 3 |  4- 6 || total
---------------------------+-------+-------++-------
  Melee: Falchion          |    72 |    37 ||   109
         Peck              |     8 |     8 ||    16
         Kick              |    19 |     6 ||    25
         Punch             |     1 |       ||     1
    Use: Potion            |       |     2 ||     2
   Stab: Sleeping          |     1 |       ||     1
 Armour: Robe              |    20 |       ||    20
         Leather armour    |    14 |    32 ||    46
  Dodge: Dodged            |    64 |    47 ||   111
